 Dungeon Crawl Stone Soup version 0.29.1-2-gbd0b4ee654 (webtiles) character file.

Game seed: 9622565455189290623

235 Earthwalker the Shield-Bearer (level 6, -4/49 HPs)
             Began as a Formicid Fighter on Oct 23, 2022.
             Slain by an iguana (11 damage)
             ... on level 5 of the Dungeon.
             The game lasted 00:10:12 (4483 turns).

Earthwalker the Shield-Bearer (Formicid Fighter)    Turns: 4483, Time: 00:10:12

Health: -4/49      AC:  7    Str: 22    XL:     6   Next: 27%
Magic:  6/6        EV:  9    Int:  8    God:
Gold:   236        SH:  9    Dex: 13    Spells: 5/5 levels left

rFire   . . .      SeeInvis +   a - +0 flail
rCold   . . .      Faith    .   u - +0 kite shield
rNeg    . . .      Spirit   .   b - +0 scale mail
rPois   .          Reflect  .   (helmet unavailable)
rElec   .          Harm     .   (no cloak)
rCorr   .          Rampage  .   (no gloves)
Will    .....                   (no boots)
Stlth   ..........              (no amulet)
HPRegen 0.16/turn               (no ring)
MPRegen 0.10/turn               (no ring)

@: no status effects
A: permanent stasis, dig shafts and tunnels, antennae 3, four strong arms
a: Dig, Shaft Self


You were on level 5 of the Dungeon.
You visited 2 branches of the dungeon, and saw 6 of its levels.

You collected 236 gold pieces.

Inventory:

Hand Weapons
 a - a +0 flail (weapon)
Missiles
 t - 3 javelins
 x - 10 poisoned darts
Armour
 b - a +0 scale mail (worn)
 c - a +0 buckler
 u - a +0 kite shield (worn)
Wands
 v - a wand of light (6)
 y - a wand of roots (14)
Scrolls
 i - a scroll of identify {unknown}
 j - a scroll of vulnerability {unknown}
 k - a scroll of teleportation {unknown}
 l - a scroll of blinking {unknown}
 m - 2 scrolls of immolation {unknown}
 n - a scroll of amnesia {unknown}
 o - a scroll of fear {unknown}
 r - a scroll of butterflies {unknown}
Potions
 d - 2 potions of might
 e - a potion of lignification {unknown}
 f - 2 potions of cancellation {unknown}
 g - a potion of brilliance {unknown}
 h - 4 potions of curing {unknown}
 p - a potion of invisibility {unknown}
 q - a potion of flight {unknown}
 s - a potion of haste {unknown}
 w - a potion of attraction {unknown}


   Skills:
 * Level 4.4 Fighting
 * Level 3.1 Maces & Flails
 * Level 4.5 Armour
 + Level 1.4 Dodging
 * Level 5.4 Shields


You had 5 spell levels left.
You didn't know any spells.
Your spell library was empty.

Dungeon Overview and Level Annotations

Branches:
Dungeon (5/15)             Temple (1/1) D:4

Altars:
Ashenzari
Cheibriados
Gozag
Hepliaklqana
Kikubaaqudgha
Makhleb
Nemelex Xobeh
Sif Muna
Trog
Uskayaw
Yredelemnul

Shops:
D:1 *

Annotations:
D:5 1 runed translucent door


Innate Abilities, Weirdness & Mutations

You cannot be hasted, slowed, berserked, paralysed or teleported.
You can dig through walls and to a lower floor.
You have a pair of large antennae on your head. (SInv)
Your four strong arms can wield two-handed weapons with a shield.


Message History

The orc shouts! x2; You hear a shout!
An iguana comes into view.
The iguana hisses angrily.
An iguana is nearby!
Found a dagger.
The iguana bites you!
You barely miss the iguana. The iguana bites you!
You block the iguana's attack.
You hit the iguana but do no damage.
The iguana bites you but does no damage.
You hit the iguana but do no damage.
The iguana bites you but does no damage.
You hit the iguana.
The iguana is moderately wounded.
You block the iguana's attack. The iguana closely misses you.
You closely miss the iguana.
The iguana is moderately wounded.
The iguana bites you but does no damage.
You closely miss the iguana.
The iguana is moderately wounded.
The iguana bites you.
You barely miss the iguana.
The iguana is moderately wounded.
The iguana bites you! You block the iguana's attack.
You are too injured to fight recklessly!
You hit the iguana.
The iguana is heavily wounded.
The iguana closely misses you.
You hit the iguana but do no damage.
The iguana is heavily wounded.
The iguana bites you.
You hit the iguana.
The iguana is severely wounded.
The iguana bites you!
* * * LOW HITPOINT WARNING * * *
The iguana completely misses you.
You closely miss the iguana.
The iguana is severely wounded.
The iguana bites you!
You die...

##...##.....###....##
#....##8..{8 #......##
.....# #.oo #.......##
.....##
#+####........##
......#
#..##.........)#
......####.............
.......####......)..#
........##..........##
................@....#
..#####..........l....#
.## ####..............
.# #..####........ .#
#..# ##....... ## #..##
....... # #..# #......
# ..# ...... #


You could see an iguana.

Vanquished Creatures
  2 orc priests
  Natasha (D:4)
  4 gnolls
  An adder (D:3)
  3 ufetubi
  3 dart slugs
  4 orcs
  7 ball pythons
  6 endoplasms
  6 giant cockroaches
  7 goblins
  3 hobgoblins
  6 jackals
  A quokka (D:2)
  6 bats
  6 frilled lizards
  6 kobolds
  6 rats
78 creatures vanquished.

Notes
Turn   | Place    | Note
-------+----------+-------------------------------------------
     0 | D:1      | Earthwalker the Formicid Fighter began the quest for the
                  | Orb.
     0 | D:1      | Reached XP level 1. HP: 18/18 MP: 1/1
    65 | D:1      | Reached XP level 2. HP: 14/24 MP: 2/2
   439 | D:1      | Reached XP level 3. HP: 27/29 MP: 3/3
   602 | D:1      | Found Motitu's General Store.
  1051 | D:2      | Found a faded altar of an unknown god.
  1484 | D:2      | Reached XP level 4. HP: 37/37 MP: 4/4
  3042 | D:4      | Reached skill level 1 in Dodging
  3051 | D:4      | Reached skill level 5 in Shields
  3051 | D:4      | Reached XP level 5. HP: 14/42 MP: 5/5
  3338 | D:4      | Found a staircase to the Ecumenical Temple.
  3344 | Temple   | Entered the Ecumenical Temple
  3642 | D:4      | Noticed a lemure
  3715 | D:4      | Found an ancient bone altar of Kikubaaqudgha.
  3739 | D:4      | Noticed Natasha
  3743 | D:4      | Killed Natasha
  4116 | D:3      | Reached XP level 6. HP: 21/49 MP: 6/6
  4380 | D:5      | Entered Level 5 of the Dungeon
  4461 | D:5      | Found a runed translucent door.
  4483 | D:5      | Slain by an iguana

Illustrated notes

Levels and vault maps discovered:
D:1:      dpeg_arrival_tiny_a, layout_loops_ring, serial_shops, shop_statue
D:2:      layout_loops_ring, ebering_ecumenical_altar_ruins, minmay_pentomino_r2
D:3:      minmay_door_path, layout_basic
D:4:      layout_gridville, general_overflow_altar, minmay_temple_entry_hall,
          uniq_eustachio, uniq_pikel, uniq_natasha, uniq_blork_the_orc
D:5:      layout_layer_cave, mainiacjoe_overflow_six_doors_small,
          okawaru_trees_1, tso_oasis_becter, eino_tiny_chamber,
          lightli_church_of_beogh
Temple:   dpeg_chambers_temple

Skill      XL: |  1  2  3  4  5 |
---------------+----------------+-----
Fighting       | 4 |  4.4
Armour         | 4 |  4.5
Dodging        | 1 |  1.4
Shields        | 5 |  5.4
Maces & Flails | 3 |  3.1

Action                   |  1- 3 |  4- 6 || total
-------------------------+-------+-------++-------
Melee: Flail             |   117 |   149 ||   266
Armor: Scale mail        |    64 |    49 ||   113
Dodge: Dodged            |    62 |    72 ||   134
Block: Buckler           |    32 |     5 ||    37
       Kite shield       |       |    68 ||    68
